 Dungeon Crawl Stone Soup version 0.31-a0-152-g6aa68a64a1 (webtiles) character file.

Game seed: 10765912216221131174

69 qw the Shooter (level 4, -1/40 HPs)
             Began as a Naga Hunter on June 10, 2023.
             Slain by a ball python (2 damage)
             ... on level 2 of the Dungeon.
             The game lasted 00:00:30 (1053 turns).

qw the Shooter (Naga Hunter)                        Turns: 1053, Time: 00:00:30

Health: -1/40      AC:  2    Str: 13    XL:     4   Next: 20%
Magic:  4/4        EV:  9    Int: 13    God:
Gold:   99         SH:  0    Dex: 17    Spells: 3/3 levels left

rFire   + . .        Y - +0 shortbow
rCold   + . .        (shield currently unavailable)
rNeg    . . .        c - +0 leather armour
rPois   +            (no helmet)
rElec   .            a - scarf of Qycikoco {rC+ rF+, Int+4}
rCorr   .            (no gloves)
SInv    +            (no barding)
Will    .....        (no amulet)
Stlth   ++           (no ring)
HPRegen 0.26/turn    (no ring)
MPRegen 0.09/turn

%: no passive effects
@: short of breath, very slow
A: AC +1, large, see invisible, deformed body, poison resistance, slowness 2,
spit poison 1, naga tail 1
a: Spit Poison


You were on level 2 of the Dungeon.
You visited 1 branch of the dungeon, and saw 2 of its levels.

You collected 99 gold pieces.


Innate Abilities, Weirdness & Mutations

Your serpentine skin is tough. (AC +1)
You have supernaturally acute eyesight. (SInv)
Armour fits poorly on your strangely shaped body.
Your system is resistant to poisons. (rPois)
You cover ground very slowly.
You can spit poison.
You have a snake-like lower body.


   Skills:
 + Level 2.3 Fighting
 - Level 5.0 Ranged Weapons
 - Level 1.5 Dodging
 - Level 1.5 Stealth


You had 3 spell levels left.
You didn't know any spells.
Your spell library was empty.

Inventory:

Hand Weapons
 Y - a +0 shortbow (weapon)
Armour
 a - the scarf of Qycikoco (worn) {rC+ rF+, Int+4}
   (You acquired it on level 1 of the Dungeon)

   Int:       It affects your intelligence (+4).
 c - a +0 leather armour (worn)
 j - a +0 pair of gloves of dexterity
Scrolls
 b - 2 scrolls of identify
 f - a scroll of poison {unknown}
 i - a scroll of vulnerability {unknown}
Potions
 d - a potion of degeneration {unknown}
 e - a potion of might {unknown}
 g - 2 potions of ambrosia {unknown}
 h - a potion of curing {unknown}

Dungeon Overview and Level Annotations

Branches:
Dungeon (2/15)

Altars:


Message History

A ball python comes into view.
The adder bites you. The kobold hits you with a +0 club.
The adder barely misses you.
You shoot an arrow. The arrow barely misses the adder.
The adder bites you.
You are poisoned.
The adder poisons you! The kobold hits you with a +0 club.
You shoot an arrow.
The arrow hits the adder but does no damage.
The adder is moderately wounded.
You have got your breath back.
You feel sick. The adder bites you. The kobold hits you but does no damage.
A worm comes into view.
The adder closely misses you.
1049 ||| INVOKING Spit Poison.
Aiming: Spit Poison (1% risk of failure)
Press: ? - help, Shift-Dir - straight line, f/p - adder The splash of poison hits the adder!
The adder is poisoned.
The adder is almost dead.
You feel sick. The kobold hits you with a +0 club.
The adder bites you but does no damage.
You shoot an arrow. The arrow hits the adder!
You kill the adder!
You feel sick. The kobold closely misses you.
The kobold hits you with a +0 club.
You shoot an arrow.
The arrow closely misses the ball python.
You feel sick. The ball python bites you.
The ball python bites you but does no damage.
The ball python barely misses you. x2; The kobold barely misses you.
You shoot an arrow.
The arrow hits the ball python but does no damage.
You feel sick.
You are no longer poisoned.
The ball python bites you. x2; The kobold closely misses you.
You shoot an arrow.
The arrow closely misses the ball python.
The ball python bites you. x2; The kobold barely misses you.
The ball python bites you.
You die...

...7.%..~.¤..7.. .~...~.....~...~
.......7.7...... #.#
..7.7.......7.7. ... ...
~.....~...~.... #.# #.#
...~....7....~.# ... #.#
~.....~¤..~..... #.# #.# ..7.7..
...7.7S####.# #.# .......
7.....K@.##.# #.# .~...~..
..¤¤¤.¤S....# #.# ###
...7¤...~....7.....<#####.####.#
.~...~..¤.¤¤...¤..#.##.......#.#
.......7.7...¤...#...#.##<##.#.#
..7.7.......7¤7.#...).....##.#.##
¤.....~...~.....#....#.#........#
...~....7....~.##.#.##.#.###.#.##
~)....~...~.......####.#.###.#.##


You could see 2 ball pythons and a kobold.

Vanquished Creatures
  An adder (D:2)
  2 worms (D:2)
  2 dart slugs
  5 endoplasms
  A giant cockroach (D:1)
  7 goblins
  5 hobgoblins
  4 quokkas
  2 ball pythons (D:1)
  2 bats (D:2)
  6 frilled lizards
  6 kobolds
  5 rats
48 creatures vanquished.

Notes
Turn   | Place    | Note
-------+----------+-------------------------------------------
     0 | D:1      | qw the Naga Hunter began the quest for the Orb.
     0 | D:1      | Reached XP level 1. HP: 19/19 MP: 1/1
     0 | D:1      | 0 ||| qw: Version: 0.2-a-122-gbc61b45
     0 | D:1      | 0 ||| qw: Game counter: 3490
     0 | D:1      | 0 ||| qw: Always use a shield: true
     0 | D:1      | 0 ||| qw: God list: Okawaru
     0 | D:1      | 0 ||| qw: Allow faded altars: false
     0 | D:1      | 0 ||| qw: Do Orc after D:15 true
     0 | D:1      | 0 ||| qw: Do second Lair branch before Depths: true
     0 | D:1      | 0 ||| qw: Lair rune preference: random
     0 | D:1      | 0 ||| qw: Plans: Normal
     0 | D:1      | 0 ||| PLANNING D:1-11
    19 | D:1      | 19 ||| INVOKING Spit Poison.
    35 | D:1      | 35 ||| INVOKING Spit Poison.
    45 | D:1      | 45 ||| INVOKING Spit Poison.
    50 | D:1      | 50 ||| INVOKING Spit Poison.
    54 | D:1      | Reached skill level 4 in Ranged Weapons
    54 | D:1      | Reached XP level 2. HP: 21/26 MP: 2/2
    55 | D:1      | 55 ||| INVOKING Spit Poison.
   123 | D:1      | 123 ||| INVOKING Spit Poison.
   129 | D:1      | 129 ||| INVOKING Spit Poison.
   133 | D:1      | 133 ||| INVOKING Spit Poison.
   166 | D:1      | 166 ||| INVOKING Spit Poison.
   173 | D:1      | 173 ||| INVOKING Spit Poison.
   388 | D:1      | 388 ||| INVOKING Spit Poison.
   390 | D:1      | Reached XP level 3. HP: 32/32 MP: 3/3
   416 | D:1      | 416 ||| INVOKING Spit Poison.
   423 | D:1      | Found a faded altar of an unknown god.
   424 | D:1      | 424 ||| INVOKING Spit Poison.
   428 | D:1      | 428 ||| INVOKING Spit Poison.
   440 | D:1      | 440 ||| INVOKING Spit Poison.
   663 | D:1      | 663 ||| DROPPING amulet of magic regeneration.
   664 | D:1      | 664 ||| READING scroll labelled RERPHI KUCIBO.
   665 | D:1      | 665 ||| READING scroll labelled QUPEIS GUACAJU.
   666 | D:1      | 666 ||| READING scroll labelled OBLULU QOBBAAM.
   666 | D:1      | Identified a scroll of acquirement
   666 | D:1      | 666 ||| ACQUIRING scarf of Qycikoco {rC+ rF+, Int+4}
   666 | D:1      | Acquired the scarf of Qycikoco {rC+ rF+, Int+4}
   668 | D:1      | 668 ||| UPGRADING to scarf of Qycikoco {rC+ rF+, Int+4}.
   673 | D:1      | 673 ||| READING scroll labelled GEL QUHALO.
   676 | D:1      | 676 ||| DROPPING scroll of butterflies.
   699 | D:2      | 699 ||| INVOKING Spit Poison.
   703 | D:2      | 703 ||| INVOKING Spit Poison.
   764 | D:2      | 764 ||| INVOKING Spit Poison.
   771 | D:2      | 771 ||| INVOKING Spit Poison.
   796 | D:2      | 796 ||| INVOKING Spit Poison.
   803 | D:2      | 803 ||| INVOKING Spit Poison.
   810 | D:2      | 810 ||| INVOKING Spit Poison.
   837 | D:2      | 837 ||| INVOKING Spit Poison.
   849 | D:2      | 849 ||| INVOKING Spit Poison.
   873 | D:2      | 873 ||| INVOKING Spit Poison.
   880 | D:2      | 880 ||| INVOKING Spit Poison.
   881 | D:2      | 881 ||| INVOKING Spit Poison.
   885 | D:2      | 885 ||| INVOKING Spit Poison.
   928 | D:2      | Reached skill level 5 in Ranged Weapons
   952 | D:2      | 952 ||| INVOKING Spit Poison.
   953 | D:2      | Reached XP level 4. HP: 39/39 MP: 4/4
  1039 | D:2      | 1039 ||| INVOKING Spit Poison.
  1045 | D:2      | 1045 ||| INVOKING Spit Poison.
  1049 | D:2      | 1049 ||| INVOKING Spit Poison.
  1051 | D:2      | HP: 10/40 [ball python (1)]
  1052 | D:2      | HP: 4/40 [ball python (2)]
  1053 | D:2      | HP: 1/40 [ball python (3)]
  1053 | D:2      | Slain by a ball python

Levels and vault maps discovered:
D:1:      amcnicky_arrival_double_pillar, layout_basic,
          ebering_ecumenical_altar_hall, hangedman_decor_growths
D:2:      kb_forest_paths, layout_loops_ring, st_stairs_13,
          nicolae_kite_square_tiling_tiny

Skill      XL: |  1  2  3 |
---------------+----------+-----
Ranged Weapons | 4 5 |  5.0
Fighting       | |  2.3
Dodging        | |  1.5
Stealth        | |  1.5

Action                     |  1- 3 |  4- 6 || total
---------------------------+-------+-------++-------
   Fire: Shortbow          |    73 |    12 ||    85
Ability: Spit Poison       |    28 |     3 ||    31
    Use: Scroll            |     4 |       ||     4
 Armour: Leather armour    |     1 |     3 ||     4
  Dodge: Dodged            |     9 |    10 ||    19

Table legend:
 A = Non-vault XP
 B = Vault XP
 C = Vault XP percentage of total XP
 D = Non-vault monster count
 E = Vault monster count
 F = Vault count percentage of total count
                 A         B        C        D         E       F
            +---------+---------+-------+---------+---------+-------
      Total |      94 |       5 |   5.1 |      46 |       2 |   4.2
            +---------+---------+-------+---------+---------+-------
        D:1 |      46 |       0 |   0.0 |      27 |       0 |   0.0
        D:2 |      48 |       5 |   9.4 |      19 |       2 |   9.5
            +---------+---------+-------+---------+---------+-------
